 Dungeon Crawl Stone Soup version 0.30.1-3-gfc49f6343a (webtiles) character file.

Game seed: 15792141211191380597

41600 Zeor the Stickfighter (level 13, -1/125 HPs)
             Began as a Yellow Draconian Gladiator on Aug 7, 2023.
             Was a High Priest of Wu Jian.
             Slain by a seven-headed hydra (19 damage)
             ... on level 5 of the Lair of Beasts.
             The game lasted 00:56:01 (14414 turns).

Zeor the Stickfighter (Yellow Draconian Gladiator) Turns: 14414, Time: 00:56:02

Health: -1/125     AC: 13    Str: 17    XL:     13   Next: 80%
Magic:  19/19      EV: 21    Int:  9    God:    Wu Jian [*****.]
Gold:   1076       SH:  5    Dex: 23    Spells: 6/21 levels left

rFire   . . .        a - +2 quarterstaff (chaos)
rCold   . . .        (shield currently unavailable)
rNeg    . . .        (body armour unavailable)
rPois   +            H - +2 hat
rElec   .            (no cloak)
rCorr   +            (no gloves)
SInv    .            k - +2 pair of boots
Will    .....        z - amulet of reflection
Stlth   ++           f - +6 ring of dexterity
HPRegen 0.40/turn    B - +4 ring of slaying
MPRegen 0.16/turn

%: reflection, clarity
@: short of breath
A: spit acid, AC +8, unfitting armour, cold-blooded, acid resistance, clarity,
poison resistance
a: Breathe Acid, Renounce Religion, Wall Jump, Serpent's Lash, Heavenly Storm


You were on level 5 of the Lair of Beasts.
You worshipped Wu Jian.
Wu Jian was extremely pleased with you.
You visited 2 branches of the dungeon, and saw 15 of its levels.
You also visited: Bailey.

You collected 1308 gold pieces.
You spent 232 gold pieces at shops.

Inventory:

Hand Weapons
 a - a +2 quarterstaff of chaos (weapon)
 r - a +0 quarterstaff
 D - a +2 flail of venom
Missiles
 c - 2 throwing nets
 d - 2 silver boomerangs
 n - 14 poisoned darts
 p - 7 javelins
 y - 9 boomerangs (quivered)
Armour
 k - a +2 pair of boots (worn)
 H - a +2 hat (worn)
Jewellery
 f - a +6 ring of dexterity (left hand)
 m - a ring of willpower
 z - an amulet of reflection (around neck)
 A - a ring of ice
 B - a +4 ring of slaying (right hand)
 O - a ring of willpower
 P - a ring of protection from cold
Wands
 g - a wand of acid (28)
 l - a wand of flame (40)
 t - a wand of iceblast (24)
 E - a wand of charming (13)
 R - a wand of mindburst (7)
Scrolls
 b - a scroll of enchant weapon
 h - 6 scrolls of teleportation
 s - 6 scrolls of blinking
 w - 5 scrolls of poison
 C - a scroll of fog
 G - 4 scrolls of identify
 K - a scroll of brand weapon
 L - a scroll of amnesia
 Q - a scroll of fear
Potions
 e - 7 potions of flight
 i - 4 potions of mutation
 j - 4 potions of attraction
 o - 4 potions of resistance
 q - 4 potions of lignification
 u - 3 potions of haste
 v - 10 potions of curing
 x - 3 potions of brilliance
 F - 4 potions of heal wounds
 I - 2 potions of cancellation
 J - a potion of invisibility
 M - a potion of ambrosia
 N - a potion of might
 S - a potion of magic


   Skills:
 * Level 14.5 Fighting
 - Level 15.1 Staves
 + Level 2.3 Throwing
 + Level 11.2 Dodging
 - Level 2.0 Stealth
 + Level 3.6 Shields
 * Level 4.6 Spellcasting
 * Level 2.8 Translocations


You had 6 spell levels left.
You knew the following spells:

 Your Spells              Type           Power      Damage    Failure   Level
a - Apportation           Tloc           14%        N/A       9%          1
b - Blink                 Tloc           14%        N/A       12%         2
c - Momentum Strike       Conj/Tloc      8%         3d8       22%         2
d - Teleport Other        Tloc           7%         N/A       24%         3
e - Gell's Gravitas       Tloc           7%         N/A       24%         3
f - Manifold Assault      Tloc           7%         N/A       63%         4

Your spell library contained the following spells:

 Spells                   Type           Power      Damage    Failure   Level
 Lesser Beckoning         Tloc           14%        N/A       12%         2
 Necrotise                Necr           8%         1d4       26%         1
 Summon Small Mammal      Summ           8%         N/A       26%         1
 Cigotuvi's Dreadful Rot  Necr/Pois/Air  4%         N/A       36%         2
 Sublimation of Blood     Necr           2%         N/A       36%         2
 Wereblood                Tmut           2%         N/A       36%         2
 Portal Projectile        Hex/Tloc       8%         N/A       41%         3
 Call Canine Familiar     Summ           2%         N/A       61%         3
 Vampiric Draining        Necr           2%         2d6       61%         3
 Dispel Undead            Necr           2%         3d7       95%         4
 Leda's Liquefaction      Hex/Erth       1%         N/A       95%         4
 Agony                    Necr           2%         N/A       100%        5
 Alistair's Intoxication  Tmut/Pois      1%         N/A       100%        5
 Death Channel            Necr           1%         N/A       100%        6
 Dispersal                Tloc           3%         N/A       100%        6
 Summon Hydra             Summ           1%         N/A       100%        7
 Disjunction              Tloc           3%         N/A       100%        8


Dungeon Overview and Level Annotations

Branches:
Dungeon (10/15)            Temple (0/1) D:7            Lair (5/5) D:10
 Shoals (0/4) Lair:2        Snake (0/4) Lair:2        Slime (0/5) Lair:4
    Orc (0/2) D:9          Bailey (visited)

Altars:
Dithmenos
Elyvilon
Hepliaklqana
Makhleb
Nemelex Xobeh
Sif Muna
Wu Jian
Xom
Yredelemnul
Zin

Shops:
D:6 (   D:9 ?*

Annotations:
D:5 3 runed translucent doors, WaxSun's ghost, amateur FoHu
D:6 Prince Ribbit
D:10 2 transporters, Cheops's ghost, novice TrFi
Lair:4 exclusion: 3 oklob plants


Innate Abilities, Weirdness & Mutations

You can spit globs of acid.
Your golden yellow scales are hard. (AC +8)
You cannot fit into any form of body armour.
You are cold-blooded and may be slowed by cold attacks.
You are resistant to acid. (rCorr)
You possess an exceptional clarity of mind.
Your system is resistant to poisons. (rPois)


Message History

The seven-headed hydra closely misses you.
The blink frog hits you.
Press: ? - help, Shift-Dir - straight line, f - cane toad
Aim: a cane toad (heavily wounded, lightly drained, 72% to hit)
You spit a glob of acid.
The glob of acid hits the cane toad!!
The acid corrodes the cane toad!
The acid splashes onto the blink frog!
The blink frog is splashed with acid.
The acid corrodes the blink frog!
You kill the blink frog!
The Council accepts your kill.
The acid splashes onto the seven-headed hydra!
The seven-headed hydra is splashed with acid!
The acid corrodes the seven-headed hydra!
You kill the cane toad!
The Council accepts your kill.
The seven-headed hydra bites you but does no damage.
The seven-headed hydra barely misses you.
The seven-headed hydra bites you but does no damage.
The seven-headed hydra closely misses you.
The seven-headed hydra barely misses you.
You block the seven-headed hydra's attack.
The seven-headed hydra closely misses you.
The blink frog blinks!
The seven-headed hydra misses you. The seven-headed hydra bites you!
The seven-headed hydra barely misses you.
The seven-headed hydra bites you!
* * * LOW HITPOINT WARNING * * *
The seven-headed hydra barely misses you.
The seven-headed hydra completely misses you.
The seven-headed hydra bites you but does no damage.
You thump the seven-headed hydra! You tail-slap the seven-headed hydra!
The seven-headed hydra is severely wounded.
The seven-headed hydra closely misses you. x2
The seven-headed hydra bites you!
* * * LOW HITPOINT WARNING * * *
The seven-headed hydra misses you.
You block the seven-headed hydra's attack.
The seven-headed hydra bites you!
* * * LOW HITPOINT WARNING * * *
The seven-headed hydra bites you!!
You die...

∙∙∙∙∙∙∙∙∙∙∙∙∙∙∙†~∙~~~~~
∙♣∙∙∙♣∙∙∙∙∙∙∙†∙∙~∙~~~~~
♣∙P∙∙P♣∙∙∙∙∙∙∙∙†~∙~~~~~
∙∙♣∙♣P∙∙∙∙∙∙∙∙∙†~~~▒~≈~
∙∙∙<∙∙∙∙∙∙∙∙∙∙∙∙∙~~▒ ≈~
∙P♣∙♣P∙∙∙∙∙∙∙∙∙∙~~▒▒▒ ▒
♣P∙∙P∙♣∙∙P▒▒∙▒F∙∙~~~▒▒
∙♣∙∙∙♣∙∙∙▒▒▒∙∙∙∙∙~≈~~▒
∙∙∙∙∙∙∙∙P▒▒∙▒∙∙∙d#~P~▒~~
∙∙∙∙∙∙∙P∙▒▒▒▒▒∙~†D~~≈≈~~
∙∙▒∙∙∙∙∙▒∙ ▒∙∙∙~~~∙≈~≈
▒▒▒∙∙∙∙∙∙∙∙∙∙∙∙~∙~~~≈~~~
∙∙∙∙∙∙∙∙∙P~~~~~
▒▒▒∙▒∙▒^∙~≈P~~~
▒▒∙∙▒∙∙~~~≈~≈
▒∙∙▒▒∙∙~~P~P ▒∙∙ ∙∙≈~~~~


You could see a seven-headed hydra (berserk, corroded) and a blink frog.

Vanquished Creatures
  Gastronok (D:9)
  An orc warlord (Bailey)
  6 hydras
  Harold (Lair:1)
  2 catoblepae
  2 orc knights (Bailey)
  2 black mambas (Lair:1)
  Joseph (D:7)
  A cane toad (shapeshifter) (Lair:3)
  10 cane toads
  9 komodo dragons
  Psyche (D:8)
  2 rime drakes
  A yaktaur (shapeshifter) (Lair:4)
  A troll (D:10)
  2 polar bears
  Grinder (D:3)
  19 blink frogs
  7 dream sheep (Lair:4)
  A shapeshifter (Lair:5)
  3 wyverns
  34 yaks
  A fire bat (Lair:3)
  Eustachio (D:6)
  8 basilisks
  2 steam dragons
  7 vampire mosquitoes
  5 nagas (Lair:2)
  Menkaure (D:4)
  2 hell hounds (Lair:1)
  15 water moccasins
  An ice beast (D:5)
  3 sky beasts (D:7)
  A black bear (D:5)
  10 orc warriors
  An ogre (D:4)
  10 wolves
  2 centaurs
  A phantom (D:7)
  A kobold brigand (D:9)
  10 bullfrogs
  A gnoll sergeant (D:5)
  2 scorpions
  4 howler monkeys
  8 orc priests
  4 gnoll boudas
  4 hounds
  3 jellies
  8 orc wizards
  11 hell rats
  A hell rat zombie (Lair:2)
  Robin (D:4)
  30 gnolls
  13 adders
  2 shadow imps (D:5)
  A white imp (D:8)
  2 worms (D:2)
  2 dart slugs
  40 orcs
  7 ball pythons
  6 bats
  10 endoplasms
  5 giant cockroaches
  24 goblins
  15 hobgoblins
  3 jackals (D:1)
  4 quokkas
  A frilled lizard (D:3)
  9 kobolds
  7 rats
418 creatures vanquished.

Notes
Turn   | Place    | Note
-------+----------+-------------------------------------------
     0 | D:1      | Zeor the Draconian Gladiator began the quest for the Orb.
     0 | D:1      | Reached XP level 1. HP: 17/17 MP: 1/1
   176 | D:1      | Reached XP level 2. HP: 24/24 MP: 2/2
   883 | D:1      | Reached XP level 3. HP: 29/29 MP: 3/3
  1038 | D:2      | Learned a level 1 spell: Apportation
  1047 | D:2      | Found a burning altar of Makhleb.
  1072 | D:2      | Reached skill level 4 in Staves
  1141 | D:2      | Reached XP level 4. HP: 37/37 MP: 4/4
  1562 | D:3      | Noticed Grinder
  1600 | D:3      | Killed Grinder
  1601 | D:3      | Reached skill level 5 in Staves
  1601 | D:3      | Reached skill level 1 in Stealth
  1601 | D:3      | Reached XP level 5. HP: 9/44 MP: 5/5
  1601 | D:3      | Reached XP level 6. HP: 11/50 MP: 6/6
  1959 | D:3      | Found a shimmering altar of Xom.
  2057 | D:3      | Found a shadowy altar of Dithmenos.
  2543 | D:4      | Reached skill level 6 in Staves
  2951 | D:4      | Noticed Robin
  2960 | D:4      | Killed Robin
  2961 | D:4      | Your scales start taking on a golden yellow colour.
  2961 | D:4      | Reached XP level 7. HP: 51/57 MP: 7/7
  2961 | D:4      | Gained mutation: You are resistant to acid. (rCorr) [Yellow
                  | Draconian growth]
  3136 | D:4      | Noticed Menkaure
  3139 | D:4      | Killed Menkaure
  3140 | D:4      | Reached skill level 7 in Staves
  3598 | D:5      | Entered Level 5 of the Dungeon
  3704 | D:5      | Reached skill level 8 in Staves
  3704 | D:5      | Reached XP level 8. HP: 21/66 MP: 8/8
  4234 | D:5      | Reached skill level 5 in Dodging
  4281 | D:5      | Found a runed translucent gate.
  4281 | D:5      | Found a runed translucent gate.
  4283 | D:5      | Found a runed translucent gate.
  4285 | D:5      | Noticed WaxSun's ghost (amateur FoHu)
  4526 | D:6      | Noticed Prince Ribbit
  4644 | D:6      | Found an ornate altar of the Wu Jian Council.
  4649 | D:6      | Became a worshipper of the Wu Jian Council
  4667 | D:6      | Noticed Eustachio
  4670 | D:6      | Found Soapp's Antique Weapon Shoppe.
  4675 | D:6      | Killed Eustachio
  4676 | D:6      | Reached skill level 9 in Staves
  4984 | D:6      | Found a hazy altar of Hepliaklqana.
  5399 | D:7      | Noticed Joseph
  5401 | D:7      | Reached skill level 5 in Fighting
  5401 | D:7      | Reached XP level 9. HP: 37/74 MP: 9/9
  5406 | D:7      | Killed Joseph
  5407 | D:7      | Reached skill level 10 in Staves
  5485 | D:7      | Found a white marble altar of Elyvilon.
  5530 | D:7      | Found a flagged portal.
  5548 | Bailey   | Entered a bailey
  5567 | Bailey   | Reached * piety under Wu Jian
  5728 | Bailey   | Noticed an orc knight
  5745 | Bailey   | Killed an orc knight
  5746 | Bailey   | Reached skill level 11 in Staves
  6064 | Bailey   | Noticed an orc warlord
  6071 | Bailey   | Noticed an orc knight
  6073 | Bailey   | Reached ** piety under Wu Jian
  6086 | Bailey   | Gained mutation: Your system is resistant to poisons.
                  | (rPois) [potion of mutation]
  6086 | Bailey   | Gained mutation: You possess an exceptional clarity of
                  | mind. [potion of mutation]
  6105 | Bailey   | Killed an orc warlord
  6106 | Bailey   | Reached XP level 10. HP: 32/84 MP: 10/10
  6115 | Bailey   | Killed an orc knight
  6313 | Bailey   | Reached skill level 12 in Staves
  6313 | Bailey   | Reached XP level 11. HP: 99/99 MP: 11/11
  6584 | D:7      | Found a staircase to the Ecumenical Temple.
  7141 | D:8      | Reached skill level 10 in Fighting
  7199 | D:8      | Noticed Psyche
  7205 | D:8      | Killed Psyche
  7332 | D:8      | Reached skill level 13 in Staves
  7514 | D:8      | Found a sparkling altar of Nemelex Xobeh.
  8108 | D:9      | Noticed Gastronok
  8128 | D:9      | Killed Gastronok
  8128 | D:9      | Reached *** piety under Wu Jian
  8234 | D:9      | Found a burning altar of Makhleb.
  8267 | D:9      | Found a staircase to the Orcish Mines.
  8318 | D:9      | Found Deahaohi's Demolitions Depot.
  8484 | D:9      | Found a glowing silver altar of Zin.
  8739 | D:9      | Found a basalt altar of Yredelemnul.
  8788 | D:9      | Found Eteaclan's Magic Scroll Emporium.
  8796 | D:9      | Bought a scroll of amnesia for 60 gold pieces
  8796 | D:9      | Bought a scroll of brand weapon for 142 gold pieces
  8799 | D:9      | Bought a scroll of identify for 30 gold pieces
  8844 | D:10     | Entered Level 10 of the Dungeon
  9169 | D:10     | Found a transporter.
  9193 | D:10     | Found a staircase to the Lair.
  9203 | D:10     | Found a transporter.
  9219 | D:10     | Noticed Cheops's ghost (novice TrFi)
  9352 | D:10     | Learned a level 2 spell: Blink
  9371 | D:10     | Found a shimmering blue altar of Sif Muna.
  9508 | Lair:1   | Entered Level 1 of the Lair of Beasts
  9559 | Lair:1   | Reached XP level 12. HP: 82/108 MP: 12/12
  9561 | Lair:1   | Reached skill level 1 in Shields
  9562 | Lair:1   | Reached **** piety under Wu Jian
  9691 | Lair:1   | Reached skill level 14 in Staves
  9691 | Lair:1   | Reached skill level 10 in Dodging
  9777 | Lair:1   | Noticed Harold
  9794 | Lair:1   | Killed Harold
  9803 | Lair:1   | Reached skill level 1 in Spellcasting
 10115 | Lair:1   | Learned a level 2 spell: Momentum Strike
 10868 | Lair:2   | Noticed a five-headed hydra
 10880 | Lair:2   | Killed a five-headed hydra
 11073 | Lair:2   | Found a staircase to the Shoals.
 11184 | Lair:2   | Noticed an eight-headed hydra
 11190 | Lair:2   | Killed an eight-headed hydra
 11545 | Lair:2   | Found a staircase to the Snake Pit.
 11558 | Lair:2   | Reached ***** piety under Wu Jian
 12079 | Lair:3   | Noticed a four-headed hydra
 12089 | Lair:3   | a four-headed hydra changed into a shapeshifter
 12132 | Lair:3   | Noticed a six-headed hydra
 12139 | Lair:3   | Killed a six-headed hydra
 12140 | Lair:3   | Reached XP level 13. HP: 119/119 MP: 17/17
 12469 | Lair:3   | Reached skill level 15 in Staves
 13255 | Lair:4   | Reached skill level 1 in Translocations
 13662 | Lair:4   | Learned a level 3 spell: Teleport Other
 13666 | Lair:4   | Learned a level 3 spell: Gell's Gravitas
 13671 | Lair:4   | Learned a level 4 spell: Manifold Assault
 13999 | Lair:4   | Found a staircase to the Slime Pits.
 14206 | Lair:5   | Entered Level 5 of the Lair of Beasts
 14414 | Lair:5   | Slain by a seven-headed hydra

Illustrated notes

Levels and vault maps discovered:
D:1:      sevenhm_arrival_forest_fort_small_4, layout_basic,
          serial_corexii_hall, corexii_hall_statues_s, corexii_hall_statues_t
D:2:      layout_basic, basic_altar
D:3:      layout_loops_ring, nicolae_dithmenos_through_a_glass_darkly,
          mainiacjoe_overflow_cross_hatched, wad_woods_river_04,
          minmay_misc_feat_secret_circle, grunt_decor_one_mirror, uniq_grinder
D:4:      layout_gridville, uniq_menkaure, uniq_robin
D:5:      layout_rooms, gammafunk_ghost_nasty_kobolds
D:6:      layout_basic, lemuel_coloured_pillars_altar,
          mainiacjoe_overflow_alcove_2, serial_shops, nicolae_shop_crystal,
          uniq_prince_ribbit1, uniq_eustachio
D:7:      layout_basic, elyvilon_altar_3, temple_fountains, enter_bailey_5,
          dreamdust_princess_corridor, minmay_between, uniq_joseph
D:8:      layout_loops_corners, overflow_temple_1_default, uniq_psyche
D:9:      layout_long_grid, zin_academy, bloody_makhleb,
          mainiacjoe_overflow_alcove_1, orc_0_dummy, serial_shops, shop,
          nicolae_blasting_shop, uniq_gastronok
D:10:     layout_big_octagon, kennysheep_mini, lair_entry_dummy,
          gammafunk_ghost_berserking_beasts
Lair:1:   layout_regular_city, enter_volcano_3, serial_bayou_pond_e,
          beast_lair_carwin_1, uniq_harold
Lair:2:   layout_chaotic_city, shoals_dummy_entry,
          minmay_snake_entry_guardpost_large
Lair:3:   layout_gridlike
Lair:4:   layout_regular_city, minmay_slime_entry_oklob_enclosed,
          infiniplex_staircase_pool, serial_bayou_shore_b, lemuel_fruit_fields
Lair:5:   minmay_lair_end_frog_pond, layout_small_grid,
          grunt_forest_stairs_basic

Skill      XL: |  1  2  3  4  5  6  7  8  9 10 11 12 13 |
---------------+----------------------------------------+-----
Dodging        | 3 4 5 7 9 10 11 | 11.2
Staves         | 4 5 6 8 9 11 12 13 14 15 | 15.1
Stealth        | 1 2 |  2.0
Fighting       | 3 5 6 9 10 12 14 | 14.5
Throwing       | 2 |  2.3
Shields        | 2 3 |  3.6
Spellcasting   | 3 4 |  4.6
Translocations | 2 |  2.8

Action                     |  1- 3 |  4- 6 |  7- 9 | 10-12 | 13-15 || total
---------------------------+-------+-------+-------+-------+-------++-------
  Melee: Quarterstaff      |    79 |   117 |   345 |   528 |   297 ||  1366
         Tailslap          |     9 |    17 |    51 |    91 |    49 ||   217
  Throw: Throwing net      |       |     3 |     2 |       |       ||     5
         Javelin           |       |     3 |     2 |       |       ||     5
         Dart              |       |     2 |       |       |       ||     2
         Boomerang         |       |       |       |     2 |     1 ||     3
Ability: Breathe Acid      |       |       |    12 |     8 |     4 ||    24
         Lunge             |       |       |    22 |    48 |    23 ||    93
         Whirlwind         |       |       |    19 |    63 |    48 ||   130
         Wall Jump         |       |       |       |     9 |     5 ||    14
  Evoke: Wand              |       |       |       |       |     1 ||     1
    Use: Scroll            |     4 |     5 |     7 |     4 |     2 ||    22
         Potion            |     1 |     2 |    10 |     2 |       ||    15
   Stab: Sleeping          |     3 |     6 |     5 |     8 |     3 ||    25
         Held in net/web   |       |     1 |     1 |       |       ||     2
         Invisible         |       |       |     7 |     4 |       ||    11
         Paralysed         |       |       |       |     8 |       ||     8
         Confused          |       |       |       |     6 |     1 ||     7
         Distracted        |       |       |       |     2 |     1 ||     3
 Armour: Skin              |    22 |    18 |    81 |    76 |    46 ||   243
  Dodge: Dodged            |    57 |    79 |   203 |   248 |   131 ||   718
  Block: Other             |       |       |       |    72 |    37 ||   109
         Reflection        |       |       |       |     5 |       ||     5
